 Dungeon Crawl Stone Soup version 0.20.0-15-g7f486f2 (webtiles) character file.

1029 anfisbena the Slasher (level 8, -1/64 HPs)
             Began as a Demonspawn Abyssal Knight on June 15, 2017.
             Was a Priest of Lugonu.
             Killed from afar by Blork the orc (6 damage)
             ... with a magic dart
             ... on level 5 of the Dungeon.
             The game lasted 00:06:29 (5883 turns).

anfisbena the Slasher (Demonspawn Abyssal Knight)   Turns: 5883, Time: 00:06:29

Health: -1/64      AC: 13    Str: 14    XL:     8   Next: 3%
Magic:  10/10      EV:  1    Int: 13    God:    Lugonu [***...]
Gold:   224        SH:  7    Dex: 14    Spells: 7/7 levels left

rFire    + . .     SeeInvis .   e - +0 long sword
rCold    . . .     Gourm    .   w - +0 shield
rNeg     . . .     Faith    .   o - +0 plate armour {rF+}
rPois    .         Spirit   .   (helmet restricted)
rElec    .         Reflect  .   (no cloak)
rCorr    .         Harm     .   (no gloves)
MR       .....                  (no boots)
Stlth    ..........             (no amulet)
Regen    0.2/turn               r - +3 ring of protection
MPRegen  0.2/turn               (no ring)

@: drained
A: antennae 1, nightstalker 1, spiny 1
a: Depart the Abyss, Bend Space, Banish, Renounce Religion


You were on level 5 of the Dungeon.
You worshipped Lugonu.
Lugonu was most pleased with you.
You were very hungry.

You visited 1 branch of the dungeon, and saw 5 of its levels.
You visited the Abyss 1 time.

You collected 269 gold pieces.
You spent 45 gold pieces at shops.

Inventory:

Hand Weapons
 e - a +0 long sword (weapon)
Armour
 o - a +0 plate armour of fire resistance (worn)
 w - a +0 shield (worn)
Jewellery
 r - a +3 ring of protection (left hand)
Wands
 t - a wand of polymorph (7/24)
Scrolls
 f - 5 scrolls of teleportation
 h - 2 scrolls of remove curse
 l - a scroll of random uselessness {unknown}
 m - a scroll of enchant weapon {unknown}
 q - a scroll of fog {unknown}
 u - a scroll of magic mapping
 v - a scroll of immolation {unknown}
 y - a scroll of vulnerability {unknown}
Potions
 b - 2 potions of curing
 d - a potion of flight
 g - 3 potions of brilliance
 i - a potion of magic {unknown}
 k - a potion of agility {unknown}
 s - a potion of haste {unknown}
Comestibles
 c - 3 bread rations
 j - a royal jelly
 n - 3 fruits
 p - 2 meat rations


   Skills:
 + Level 5.7(4.5) Fighting
 * Level 6.1(4.8) Long Blades
 - Level 2.0(1.0) Armour
 - Level 2.0(0.9) Dodging
 + Level 3.4(2.2) Stealth
 - Level 3.0(1.9) Invocations


You had 7 spell levels left.
You didn't know any spells.

Dungeon Overview and Level Annotations

Branches:
Dungeon (5/15)
 Temple: D:4-7

Altars:
Cheibriados
Makhleb
Okawaru
Trog
Yredelemnul

Shops:
D:4 ??**

Annotations:
D:5 Blork the orc


Innate Abilities, Weirdness & Mutations

You have a pair of small antennae on your head.
You are slightly more attuned to the shadows.
You are partially covered in sharp spines.


Message History

Your shield and plate armour prevent you from hitting Blork the orc.
Blork the orc is severely wounded.
Blork the orc is struck by your spines. Blork the orc hits you with a glaive.
* * * LOW HITPOINT WARNING * * *
The gnoll sergeant hits you but does no damage.
Blork the orc zaps a wand.
The puff of flame hits you! You resist.
* * * LOW HITPOINT WARNING * * *
It is a wand of flame (?/48).
Blork the orc hits you from afar with a glaive!
* * * LOW HITPOINT WARNING * * *
The gnoll sergeant hits you from afar with a trident!
* * * LOW HITPOINT WARNING * * *
Blork the orc looks encouraged for a moment.
Blork the orc points at you and mumbles some strange words.
The puff of flame hits you!
Blork the orc zaps a wand.
The puff of flame hits you! You resist.
* * * LOW HITPOINT WARNING * * *
Blork the orc casts a spell at you. The magic dart hits you!
You die...

##.......# #
#......#.# .##
##.....#.# ...
#....##.# ####.###
#.#####.# #....... #.#
#.###+#.†..... #.#
#.##....o## #.#
#.#......#)# ##.##
#..@.....##
##...####.....g......
#......)'............
##...####.......>.....
##.## #........#...#
#.# #.#.....##.#. #.#
#.##...## #. #.###+##
#.#


You could see Blork the orc and a gnoll sergeant.

Vanquished Creatures
  Grinder (D:4)
  Sigmund (D:3)
  A scorpion (D:4)
  3 wights (D:5)
  2 hounds
  A bullfrog skeleton (D:5)
  2 iguanas (D:4)
  A worker ant (D:4)
  2 orc wizards (D:4)
  A hound skeleton (D:5)
  Robin (D:3)
  6 adders
  6 gnolls
  2 oozes
  An adder zombie (D:4)
  An adder skeleton (D:4)
  6 worms
  3 leopard geckos
  15 orcs
  2 ball pythons
  5 giant cockroaches
  18 goblins
  11 hobgoblins
  2 jackals (D:4)
  2 quokkas
  6 bats
  5 frilled lizards
  2 gnoll zombies (D:4)
  A kobold (D:1)
  12 rats
122 creatures vanquished.

Notes
Turn   | Place    | Note
-------+----------+-------------------------------------------
     0 | Abyss:1  | anfisbena the Demonspawn Abyssal Knight began the quest for the Orb.
     0 | Abyss:1  | Reached XP level 1. HP: 18/18 MP: 2/2
    53 | Abyss:1  | Found a corrupted altar of Lugonu.
   132 | Abyss:1  | Noticed a thrashing horror
   144 | D:1      | Escaped the Abyss
   269 | D:1      | Reached skill level 1 in Dodging
   515 | D:1      | Reached * piety under Lugonu
   515 | D:1      | Gained mutation: You are partially covered in sharp spines. [demonic ancestry]
   515 | D:1      | Reached XP level 2. HP: 12/24 MP: 4/4
   864 | D:1      | Reached skill level 2 in Long Blades
  1447 | D:2      | Gained mutation: You are slightly more attuned to the shadows. [demonic ancestry]
  1447 | D:2      | Reached XP level 3. HP: 29/29 MP: 5/5
  2246 | D:2      | Gained mutation: You have a pair of small antennae on your head. [demonic ancestry]
  2246 | D:2      | Reached XP level 4. HP: 10/35 MP: 6/6
  2247 | D:2      | HP: 1/35 [hobgoblin/club (2)]
  2743 | D:2      | Found a bloodstained altar of Trog.
  2863 | D:3      | Found a snail-covered altar of Cheibriados.
  2910 | D:3      | Noticed Sigmund
  2927 | D:3      | Killed Sigmund
  2927 | D:3      | Reached skill level 4 in Long Blades
  2927 | D:3      | Reached XP level 5. HP: 14/43 MP: 7/7
  3175 | D:3      | Reached XP level 6. HP: 49/49 MP: 8/8
  3576 | D:3      | Reached ** piety under Lugonu
  3633 | D:3      | Noticed Robin
  3642 | D:3      | Killed Robin
  3780 | D:3      | Found a faded altar of an unknown god.
  3980 | D:4      | Reached skill level 1 in Stealth
  4126 | D:4      | Found Mesilak's Assorted Antiques.
  4144 | D:4      | Bought a scroll labeled XEONE ZANKEHI for 26 gold pieces
  4307 | D:4      | Reached *** piety under Lugonu
  4575 | D:4      | Found Veol's Magic Scroll Shoppe.
  4678 | D:4      | Found Ilimew's Assorted Antiques.
  4685 | D:4      | Bought a bubbling inky potion for 19 gold pieces
  4713 | D:4      | Reached skill level 5 in Fighting
  4760 | D:4      | Reached skill level 5 in Long Blades
  4760 | D:4      | Reached XP level 7. HP: 45/56 MP: 9/9
  4876 | D:4      | Found Luibecw's Magic Scroll Shoppe.
  4983 | D:4      | Found a burning altar of Makhleb.
  5075 | D:4      | Found a basalt altar of Yredelemnul.
  5124 | D:4      | Noticed Grinder
  5139 | D:4      | Killed Grinder
  5318 | D:4      | Found an iron altar of Okawaru.
  5430 | D:5      | Entered Level 5 of the Dungeon
  5529 | D:5      | HP: 2/56 [wight/falchion (1)]
  5530 | D:5      | Reached skill level 6 in Long Blades
  5579 | D:5      | Reached XP level 8. HP: 9/64 MP: 10/10
  5861 | D:5      | Noticed Blork the orc
  5883 | D:5      | Killed from afar by Blork the orc

Skill      XL: |  1  2  3  4  5  6  7 |
---------------+----------------------+-----
Dodging        | 1 2 |  2.0
Armour         | 2 |  2.0
Long Blades    | 2 4 5 6 |  6.1
Invocations    | 3 |  3.0
Fighting       | 4 5 |  5.7
Stealth        | 2 3 |  3.4

Action                   |  1- 3 |  4- 6 |  7- 9 || total
-------------------------+-------+-------+-------++-------
Melee: Falchion          |    91 |   186 |    97 ||   374
       Long sword        |       |       |    25 ||    25
Invok: Depart the Abyss  |     1 |       |       ||     1
  Use: Scroll            |     3 |     4 |       ||     7
       Potion            |       |       |     1 ||     1
 Stab: Sleeping          |       |     3 |       ||     3
  Eat: Chunk             |     4 |     8 |     3 ||    15
Armor: Leather armour    |    35 |    10 |       ||    45
       Plate armour      |       |    97 |    66 ||   163
Dodge: Dodged            |    54 |    61 |    12 ||   127
Block: Shield            |       |       |    52 ||    52
       Rpst.: Falchion   |    14 |    17 |     6 ||    37
